 Dungeon Crawl Stone Soup version 0.26.1-11-gd32895ea62 (webtiles) character file.

Game seed: 4556272475611597011

11 vvl the Grasshopper (level 2, -2/26 HPs)
             Began as a Naga Warper on July 5, 2021.
             Slain by a leopard gecko (5 damage)
             ... on level 1 of the Dungeon.
             The game lasted 00:02:18 (228 turns).

vvl the Grasshopper (Naga Warper)                    Turns: 228, Time: 00:02:19

Health: -2/26      AC:  2    Str: 13    XL:     2   Next: 29%
Magic:  5/5        EV:  9    Int: 13    God:
Gold:   4          SH:  0    Dex: 10    Spells: 5/5 levels left

rFire    . . .     SeeInvis +   a - +0 falchion
rCold    . . .     Faith    .   (no shield)
rNeg     . . .     Spirit   .   b - +0 leather armour
rPois    +         Reflect  .   (no helmet)
rElec    .         Harm     .   h - scarf {+Inv}
rCorr    .         Rampage  .   (no gloves)
Will     .....                  (no barding)
Stlth    +.........             (no amulet)
HPRegen  0.08/turn              (no ring)
MPRegen  0.09/turn              (no ring)

@: very slow
A: large, see invisible, deformed body, poison resistance, slowness 2, spit
poison 1, AC +0
a: Spit Poison, Evoke Invisibility


You were on level 1 of the Dungeon.
You visited 1 branch of the dungeon, and saw 1 of its levels.

You collected 4 gold pieces.

Inventory:

Hand Weapons
 a - a +0 falchion (weapon)
Missiles
 e - 5 boomerangs of dispersal (quivered)
Armour
 b - a +0 leather armour (worn)
 h - a scarf of invisibility (worn)
Scrolls
 c - 2 scrolls of enchant weapon {unknown}
 d - a scroll of blinking
 g - a scroll of remove curse {unknown}


   Skills:
 + Level 2.0 Fighting
 * Level 2.2 Long Blades
 - Level 0.8 Throwing
 + Level 1.0 Armour
 + Level 1.6 Dodging
 + Level 0.6 Stealth
 + Level 2.1 Spellcasting
 + Level 3.0 Translocations
 + Level 0.1 Poison Magic
 + Level 0.1 Invocations
 + Level 0.1 Evocations


You had 5 spell levels left.
You didn't know any spells.
Your spell library contained the following spells:

 Spells                   Type           Power        Failure   Level
 Blink                    Tloc           N/A          14%         2
 Gell's Gravitas          Tloc           4%           28%         3
 Lesser Beckoning         Tloc           4%           28%         3
 Teleport Other           Tloc           9%           28%         3
 Passage of Golubria      Tloc           N/A          67%         4


Dungeon Overview and Level Annotations

Branches:
Dungeon (1/15)

Altars:


Innate Abilities, Weirdness & Mutations

You cannot wear boots.
Your serpentine skin is tough. (AC +0)
You have supernaturally acute eyesight. (SInv)
Armour fits poorly on your strangely shaped body.
Your system is resistant to poisons. (rPois)
You cover ground very slowly.
You can spit poison.


Message History

You are too injured to fight recklessly!
You are too injured to fight recklessly!
The leopard gecko bites you. The leopard gecko bites you.
* * * LOW HITPOINT WARNING * * *
The frilled lizard closely misses you. The leopard gecko barely misses you.
The goblin hits you but does no damage. The leopard gecko closely misses you.
The gnoll hits you but does no damage. The leopard gecko barely misses you.
You riposte.
You closely miss the leopard gecko. The goblin barely misses you.
You see here 2 stones.
The frilled lizard bites you.
* * * LOW HITPOINT WARNING * * *
The leopard gecko bites you but does no damage.
The gnoll barely misses you.
There is a stone staircase leading down here.
You can't go up here!
The leopard gecko bites you.
You die...

###.# ##...# #....#
#..####..### ###.##
##.......## #.#
...#....##########.#
##[#...............#
#.#..##...........#
##....##..........##
...............g..#
##...##...)...(l@.#
...#.#........gl..#
...#...#..........#
......!)..........#
....#.######..#####
.......# ##.#
...)g..## #.#
........# #..
........# #.


You could see a gnoll, a leopard gecko, a goblin and a frilled lizard.

Vanquished Creatures
  2 giant cockroaches (D:1)
  A goblin (D:1)
  3 hobgoblins (D:1)
  2 kobolds (D:1)
  A bat (D:1)
  A rat (D:1)
10 creatures vanquished.

Notes
Turn   | Place    | Note
-------+----------+-------------------------------------------
     0 | D:1      | vvl the Naga Warper began the quest for the Orb.
     0 | D:1      | Reached XP level 1. HP: 19/19 MP: 3/3
    35 | D:1      | Reached skill level 1 in Armour
   108 | D:1      | Reached XP level 2. HP: 26/26 MP: 5/5
   228 | D:1      | Slain by a leopard gecko

Illustrated notes

Levels and vault maps discovered:
D:1:      wander_arrival_peaceful_grave, layout_rooms

Skill      XL: |  1 |
---------------+----+-----
Armour         | 1 |  1.0
Fighting       | |  2.0
Long Blades    | |  2.2
Throwing       | |  0.8
Dodging        | |  1.6
Stealth        | |  0.6
Spellcasting   | |  2.1
Translocations | |  3.0
Poison Magic   | |  0.1
Invocations    | |  0.1
Evocations     | |  0.1

Action                   || total
-------------------------++-------
Melee: Falchion          ||    36
Armor: Leather armour    ||    12
Dodge: Dodged            ||    29
       Rpst.: Falchion   ||     5
